 Dungeon Crawl Stone Soup version 0.25-a0-388-g41a7e554cb (webtiles) character file.

Game seed: 17443467155506872703, levelgen mode: deterministic

47 Borgoz the Covered (level 3, -1/24 HPs)
             Began as a Gargoyle Fighter on Jan 7, 2020.
             Slain by a worm (6 damage)
             ... on level 3 of the Dungeon.
             The game lasted 00:01:14 (1826 turns).

Borgoz the Covered (Gargoyle Fighter)               Turns: 1826, Time: 00:01:14

Health: -1/24      AC: 11    Str: 20    XL:     3   Next: 70%
Magic:  3/3        EV:  7    Int:  8    God:
Gold:   134        SH:  9    Dex:  9    Spells: 2/2 levels left

rFire    . . .     SeeInvis .   a - +0 flail
rCold    . . .     Gourm    .   c - +0 shield
rNeg     + . .     Faith    .   b - +0 scale mail
rPois    ∞         Spirit   .   (no helmet)
rElec    +         Reflect  .   (no cloak)
rCorr    .         Harm     .   (no gloves)
MR       .....                  q - +0 pair of boots
Stlth    ..........             (no amulet)
HPRegen  0.08/turn              (no ring)
MPRegen  0.08/turn              (no ring)

@: no status effects
A: negative energy resistance 1, electricity resistance, unbreathing,
petrification resistance, rot immunity, AC +3
a: no special abilities


You were on level 3 of the Dungeon.
You were hungry.

You visited 1 branch of the dungeon, and saw 3 of its levels.

You collected 134 gold pieces.

Inventory:

Hand Weapons
 a - a +0 flail (weapon)
Armour
 b - a +0 scale mail (worn)
 c - a +0 shield (worn)
 q - a +0 pair of boots (worn)
Scrolls
 e - 3 scrolls of identify {unknown}
 g - a scroll of magic mapping {unknown}
 h - a scroll of blinking {unknown}
 j - a scroll of amnesia {unknown}
 k - a scroll of enchant weapon {unknown}
 m - 3 scrolls of remove curse {unknown}
 o - a scroll of enchant armour {unknown}
 s - a scroll of teleportation {unknown}
Potions
 d - a potion of might
 i - a potion of heal wounds {unknown}
 l - 2 potions of curing {unknown}
 n - a potion of cancellation {unknown}
 p - a potion of flight {unknown}
 r - a potion of degeneration {unknown}
Comestibles
 f - 6 rations


   Skills:
 * Level 3.7 Fighting
 * Level 2.5 Maces & Flails
 * Level 3.8 Armour
 + Level 0.7 Dodging
 + Level 3.5 Shields


You had 2 spell levels left.
You didn't know any spells.
Your spell library was empty.

Dungeon Overview and Level Annotations

Branches:
Dungeon (3/15)

Altars:
Uskayaw
Xom
Zin


Innate Abilities, Weirdness & Mutations

You are resistant to torment.
Your stone body is resilient. (AC +3)
You are immune to poison.
You resist negative energy. (rN+)
You are resistant to electric shocks. (rElec)
You can survive without breathing.
You are immune to petrification.
You are immune to rotting.


Message History

The hobgoblin is severely wounded.
The hobgoblin hits you but does no damage.
You hit the hobgoblin.
You kill the hobgoblin!
You block the worm's attack. The worm barely misses you.
You sock the worm!
The worm is severely wounded.
You block the worm's attack.
You hit the worm.
The worm is severely wounded.
You block the worm's attack.
You hit the worm but do no damage.
The worm is heavily wounded.
The worm bites you.
* * * LOW HITPOINT WARNING * * *
You hit the worm but do no damage.
The worm is heavily wounded.
The worm bites you.
You die...

....?.. #......#
........#####......#
...................#
...................#
...................#
...........##......#
..!......).........#
...................#
.......@w........###
.................#
......>....#.....#
...........#..[..#
...........+.....+
...........# ....
...........# ...
...........#


You could see a worm.

Vanquished Creatures
  2 adders (D:2)
  A worm (D:2)
  2 bats (D:1)
  2 giant cockroaches
  2 hobgoblins
  3 jackals (D:1)
  A ball python (D:3)
  5 frilled lizards
  2 goblins
  5 kobolds (D:1)
  2 rats
27 creatures vanquished.

Notes
Turn   | Place    | Note
-------+----------+-------------------------------------------
     0 | D:1      | Borgoz the Gargoyle Fighter began the quest for the Orb.
     0 | D:1      | Reached XP level 1. HP: 14/14 MP: 1/1
   243 | D:1      | Reached XP level 2. HP: 14/19 MP: 2/2
   939 | D:2      | Found a hide-covered altar of Uskayaw.
   939 | D:2      | Noticed a +0 dagger
   939 | D:2      | Noticed a +0 hand axe
  1003 | D:2      | Reached XP level 3. HP: 24/24 MP: 3/3
  1411 | D:2      | Found a glowing silver altar of Zin.
  1411 | D:2      | Found a shimmering altar of Xom.
  1411 | D:2      | Noticed an angel
  1826 | D:3      | Slain by a worm

Levels and vault maps discovered:
D:1:      dpeg_arrival_water_fire, layout_basic
D:2:      layout_basic, grunt_temple_overflow_order_and_chaos_1,
          dancing_weapons_uskayaw
D:3:      layout_basic

Action                   || total
-------------------------++-------
Melee: Flail             ||    93
  Eat: Chunk             ||     2
Armor: Scale mail        ||    41
Dodge: Dodged            ||    32
Block: Shield            ||    41

Table legend:
 A = Non-vault XP
 B = Vault XP
 C = Vault XP percentage of total XP
 D = Non-vault monster count
 E = Vault monster count
 F = Vault count percentage of total count
                 A         B        C        D         E       F
            +---------+---------+-------+---------+---------+-------
      Total |      68 |       0 |   0.0 |      27 |       0 |   0.0
            +---------+---------+-------+---------+---------+-------
        D:1 |      28 |       0 |   0.0 |      18 |       0 |   0.0
        D:2 |      37 |       0 |   0.0 |       7 |       0 |   0.0
        D:3 |       3 |       0 |   0.0 |       2 |       0 |   0.0
            +---------+---------+-------+---------+---------+-------
